[ PARTIDA AOE2 · #467446901 ]
UnrankedGurjaras vs Bengalis
[ ANÁLISIS DE REPETICIÓN · EXTRAÍDO DE LA PARTIDA GRABADA ]
Feudal
13:16
Castillos
16:57
Imperial
32:26
| APM promedio | 30.7 |
| APM pico | 63 |
| eAPM promedio | 21.6 |
| Aldeanos / militares | 156 / 252 |
Foco
⚔️ 24.2% · 🌾 75.8%
Shrivamsha Rider ×222 · Skirmisher ×26 · Monk ×4
Feudal
13:43
Castillos
17:40
Imperial
—
| APM promedio | 25.2 |
| APM pico | 45 |
| eAPM promedio | 12.4 |
| Aldeanos / militares | 72 / 161 |
Foco
⚔️ 27.7% · 🌾 72.3%
Scout Cavalry ×100 · Elephant Archer ×36 · Monk ×14 · Armored Elephant ×6 · Spearman ×4 · Battle Elephant ×1
Feudal
14:11
Castillos
17:44
Imperial
—
| APM promedio | 33.0 |
| APM pico | 79 |
| eAPM promedio | 18.8 |
| Aldeanos / militares | 119 / 83 |
Foco
⚔️ 31.5% · 🌾 68.5%
Knight ×68 · Scout Cavalry ×9 · Monk ×3 · Mangonel ×3
Feudal
14:07
Castillos
18:18
Imperial
37:49
| APM promedio | 30.9 |
| APM pico | 64 |
| eAPM promedio | 16.1 |
| Aldeanos / militares | 135 / 46 |
Foco
⚔️ 26.9% · 🌾 73.1%
Mangudai ×37 · Camel Scout ×6 · Spearman ×2 · Knight ×1
Feudal
11:33
Castillos
22:46
Imperial
—
| APM promedio | 23.2 |
| APM pico | 55 |
| eAPM promedio | 13.5 |
| Aldeanos / militares | 48 / 17 |
Foco
⚔️ 32.3% · 🌾 67.7%
Scout Cavalry ×8 · Cavalry Archer ×7 · Mangonel ×1 · Spearman ×1
Feudal
13:25
Castillos
21:10
Imperial
37:50
| APM promedio | 37.1 |
| APM pico | 57 |
| eAPM promedio | 24.3 |
| Aldeanos / militares | 147 / 174 |
Foco
⚔️ 35.2% · 🌾 64.8%
Spearman ×155 · Battering Ram ×15 · Scorpion ×2 · Monk ×1 · Mangonel ×1
Feudal
14:42
Castillos
18:09
Imperial
—
| APM promedio | 22.1 |
| APM pico | 71 |
| eAPM promedio | 10.5 |
| Aldeanos / militares | 82 / 16 |
Foco
⚔️ 23.9% · 🌾 76.1%
Scorpion ×8 · Monk ×3 · Spearman ×3 · Knight ×2
Feudal
12:22
Castillos
24:57
Imperial
38:54
| APM promedio | 39.8 |
| APM pico | 90 |
| eAPM promedio | 21.9 |
| Aldeanos / militares | 154 / 143 |
Foco
⚔️ 34.2% · 🌾 65.8%
Scout Cavalry ×84 · Knight ×58 · Monk ×1
Mapa de la partida
Recursos iniciales + cada clic de construcción. Líneas = muros · curvas = relieve. ◆ oro · ⬟ piedra · ● bayas · ✦ reliquia · ◌ hueco del cierre
Tu base· Abierta — flanco sin cerrar
Base de tH_cept· Abierta — flanco sin cerrar
Base de a_berntsen· Abierta — flanco sin cerrar
Base de Matzeking· Abierta — hueco de 9t
Base de B.· Abierta — hueco de 9t
Base de DYN | FU· Abierta — hueco de 4t
Base de TocToc.Lianki· Abierta — flanco sin cerrar
Base de SHell | Denchik_Ne_Lohx· Abierta — hueco de 4t
Terreno inicial suavizado · ◌ = hueco del cierre detectado · pasá el cursor para detalles
Inputs por minuto
— Wiwu - - tH_cept
Build order — Wiwu
Primeras 150 de 451 acciones detectadas
| 0:34 | Construir | Town Center |
| 2:44 | Construir | Mill |
| 2:45 | Crear | Villager (Male) |
| 2:45 | Crear | Villager (Male) |
| 2:45 | Crear | Villager (Male) |
| 2:52 | Construir | House |
| 3:46 | Crear | Villager (Male) |
| 4:22 | Crear | Villager (Male) |
| 4:46 | Crear | Villager (Male) |
| 4:55 | Construir | House |
| 5:10 | Crear | Villager (Male) |
| 5:39 | Investigar | Loom |
| 5:56 | Construir | Mill |
| 6:00 | Crear | Villager (Male) |
| 6:20 | Crear | Villager (Male) |
| 6:34 | Crear | Villager (Male) |
| 7:09 | Crear | Villager (Male) |
| 7:20 | Construir | House |
| 7:41 | Crear | Villager (Male) |
| 8:06 | Crear | Villager (Male) |
| 8:19 | Crear | Villager (Male) |
| 8:38 | Crear | Villager (Male) |
| 8:49 | Construir | House |
| 8:56 | Crear | Villager (Male) |
| 9:02 | Construir | House |
| 9:15 | Crear | Villager (Male) |
| 10:05 | Construir | House |
| 10:12 | Crear | Villager (Male) |
| 10:21 | Construir | Mining Camp |
| 10:41 | Crear | Villager (Male) |
| 11:06 | Investigar | Feudal Age |
| 11:09 | Construir | Mining Camp |
| 11:31 | Construir | House |
| 11:50 | Construir | House |
| 12:08 | Construir | House |
| 13:16 | Edad | Edad Feudal |
| 13:19 | Crear | Villager (Male) |
| 13:21 | Construir | Market |
| 13:26 | Construir | Blacksmith |
| 13:37 | Crear | Villager (Male) |
| 14:17 | Investigar | Castle Age |
| 15:08 | Construir | Lumber Camp |
| 15:31 | Construir | House |
| 15:34 | Construir | House |
| 16:14 | Investigar | Double-Bit Axe |
| 16:17 | Investigar | Horse Collar |
| 16:27 | Crear | Villager (Male) |
| 16:27 | Crear | Villager (Male) |
| 16:57 | Edad | Edad de los Castillos |
| 17:01 | Crear | Villager (Male) |
| 17:04 | Construir | Monastery |
| 17:06 | Construir | Monastery |
| 17:41 | Crear | Monk |
| 17:54 | Crear | Monk |
| 18:02 | Crear | Villager (Male) |
| 18:11 | Construir | Town Center |
| 18:21 | Crear | Villager (Male) |
| 18:32 | Construir | House |
| 18:36 | Crear | Villager (Male) |
| 18:38 | Crear | Monk |
| 18:56 | Crear | Villager (Male) |
| 19:10 | Crear | Monk |
| 19:18 | Crear | Villager (Male) |
| 19:26 | Crear | Villager (Male) |
| 19:28 | Crear | Villager (Male) |
| 19:34 | Construir | House |
| 19:46 | Crear | Villager (Male) |
| 19:59 | Crear | Villager (Male) |
| 20:04 | Construir | Barracks |
| 20:14 | Construir | House |
| 20:15 | Construir | House |
| 20:16 | Crear | Villager (Male) |
| 20:19 | Crear | Villager (Male) |
| 20:23 | Crear | Villager (Male) |
| 20:25 | Crear | Villager (Male) |
| 20:45 | Crear | Villager (Male) |
| 20:56 | Investigar | Wheelbarrow |
| 21:01 | Investigar | Heavy Plow |
| 21:02 | Crear | Villager (Male) |
| 21:17 | Construir | Stable |
| 21:18 | Crear | Villager (Male) |
| 21:35 | Construir | House |
| 21:39 | Construir | Farm |
| 21:40 | Construir | Farm |
| 21:40 | Construir | Farm |
| 21:44 | Construir | House |
| 21:48 | Crear | Villager (Male) |
| 21:53 | Construir | Farm |
| 21:54 | Crear | Villager (Male) |
| 21:58 | Construir | House |
| 22:15 | Construir | University |
| 22:16 | Crear | Villager (Male) |
| 22:25 | Construir | Town Center |
| 22:27 | Construir | House |
| 22:28 | Construir | House |
| 22:32 | Construir | Farm |
| 22:33 | Construir | Farm |
| 22:46 | Crear | Villager (Male) |
| 22:50 | Crear | Villager (Male) |
| 22:54 | Crear | Villager (Male) |
| 23:11 | Construir | Farm |
| 23:12 | Construir | Farm |
| 23:12 | Construir | Farm |
| 23:22 | Construir | Siege Workshop |
| 23:23 | Crear | Villager (Male) |
| 23:29 | Construir | Farm |
| 23:31 | Construir | Farm |
| 24:01 | Construir | Stable |
| 24:02 | Crear | Villager (Male) |
| 24:02 | Crear | Villager (Male) |
| 24:03 | Construir | House |
| 24:12 | Crear | Villager (Male) |
| 24:12 | Crear | Villager (Male) |
| 24:12 | Crear | Villager (Male) |
| 24:13 | Crear | Villager (Male) |
| 24:13 | Crear | Villager (Male) |
| 24:18 | Construir | Farm |
| 24:25 | Crear | Villager (Male) |
| 24:31 | Crear | Villager (Male) |
| 24:48 | Construir | Town Center |
| 24:53 | Construir | House |
| 24:54 | Construir | House |
| 24:58 | Crear | Villager (Male) |
| 25:00 | Construir | House |
| 25:01 | Construir | House |
| 25:02 | Crear | Villager (Male) |
| 25:02 | Crear | Villager (Male) |
| 25:05 | Construir | Farm |
| 25:06 | Construir | Farm |
| 25:09 | Construir | Farm |
| 25:12 | Construir | Farm |
| 25:14 | Investigar | Bow Saw |
| 25:15 | Crear | Villager (Male) |
| 25:16 | Crear | Villager (Male) |
| 25:21 | Construir | Farm |
| 25:22 | Construir | Farm |
| 25:23 | Crear | Villager (Male) |
| 25:23 | Crear | Villager (Male) |
| 25:25 | Construir | Farm |
| 25:27 | Construir | Farm |
| 25:31 | Construir | Farm |
| 25:32 | Crear | Villager (Male) |
| 25:32 | Crear | Villager (Male) |
| 25:53 | Construir | Mill |
| 25:54 | Crear | Villager (Male) |
| 25:54 | Crear | Villager (Male) |
| 25:59 | Construir | House |
| 26:01 | Crear | Villager (Male) |
| 26:02 | Crear | Villager (Male) |
| 26:20 | Crear | Villager (Male) |
Build order — tH_cept
Primeras 150 de 266 acciones detectadas
| 0:28 | Construir | Town Center |
| 2:24 | Crear | Villager (Male) ×4 |
| 2:38 | Construir | House |
| 2:50 | Investigar | Loom |
| 4:30 | Construir | House |
| 4:38 | Crear | Villager (Male) |
| 4:38 | Crear | Villager (Male) |
| 4:45 | Construir | House |
| 5:31 | Crear | Villager (Male) |
| 5:32 | Crear | Villager (Male) |
| 5:32 | Crear | Villager (Male) |
| 6:03 | Crear | Villager (Male) |
| 6:03 | Crear | Villager (Male) |
| 6:40 | Crear | Villager (Male) |
| 6:52 | Construir | House |
| 6:53 | Construir | House |
| 7:01 | Crear | Villager (Male) |
| 8:05 | Crear | Villager (Male) |
| 8:05 | Crear | Villager (Male) |
| 8:10 | Construir | Lumber Camp |
| 8:27 | Crear | Villager (Male) |
| 8:57 | Crear | Villager (Male) |
| 9:42 | Crear | Villager (Male) |
| 9:42 | Crear | Villager (Male) |
| 10:17 | Crear | Villager (Male) |
| 10:36 | Construir | Mill |
| 10:50 | Crear | Villager (Male) |
| 11:33 | Investigar | Feudal Age |
| 12:25 | Crear | Villager (Male) |
| 12:25 | Crear | Villager (Male) |
| 13:43 | Edad | Edad Feudal |
| 13:45 | Construir | Blacksmith |
| 13:50 | Construir | Market |
| 14:19 | Construir | Palisade Gate |
| 14:44 | Construir | House |
| 15:00 | Investigar | Castle Age |
| 15:08 | Construir | Palisade Wall |
| 15:27 | Construir | Farm |
| 15:28 | Construir | Farm |
| 15:29 | Construir | Farm |
| 15:31 | Investigar | Horse Collar |
| 15:49 | Construir | Farm |
| 15:57 | Construir | Farm |
| 16:01 | Construir | Farm |
| 16:07 | Construir | Farm |
| 16:12 | Investigar | Double-Bit Axe |
| 17:25 | Construir | Barracks |
| 17:40 | Edad | Edad de los Castillos |
| 17:47 | Construir | Town Center |
| 18:01 | Construir | Monastery |
| 18:08 | Crear | Villager (Male) |
| 18:09 | Crear | Villager (Male) |
| 18:30 | Crear | Spearman |
| 18:42 | Crear | Monk |
| 18:50 | Construir | Archery Range |
| 18:57 | Crear | Villager (Male) |
| 18:57 | Crear | Villager (Male) |
| 18:57 | Crear | Villager (Male) |
| 19:22 | Crear | Villager (Male) |
| 19:22 | Crear | Villager (Male) |
| 19:26 | Construir | Farm |
| 19:27 | Construir | Farm |
| 19:28 | Construir | Farm |
| 19:29 | Construir | Farm |
| 19:31 | Construir | Farm |
| 19:34 | Crear | Villager (Male) |
| 19:34 | Crear | Villager (Male) |
| 19:37 | Crear | Monk |
| 19:52 | Construir | House |
| 19:58 | Crear | Villager (Male) |
| 19:58 | Crear | Villager (Male) |
| 20:04 | Construir | Farm |
| 20:05 | Construir | Farm |
| 20:13 | Crear | Monk |
| 20:19 | Crear | Villager (Male) |
| 20:19 | Crear | Villager (Male) |
| 20:24 | Construir | Archery Range |
| 20:45 | Crear | Spearman |
| 20:47 | Crear | Villager (Male) |
| 20:47 | Crear | Villager (Male) |
| 20:52 | Construir | Farm |
| 20:53 | Construir | Farm |
| 21:13 | Crear | Villager (Male) |
| 21:14 | Crear | Villager (Male) |
| 21:18 | Construir | House |
| 21:20 | Crear | Elephant Archer |
| 21:20 | Crear | Elephant Archer |
| 21:29 | Construir | Farm |
| 21:30 | Construir | Farm |
| 21:31 | Construir | Farm |
| 21:33 | Construir | Farm |
| 21:47 | Crear | Monk |
| 21:48 | Crear | Villager (Male) ×2 |
| 21:53 | Construir | House |
| 21:53 | Construir | House |
| 21:53 | Construir | House |
| 21:55 | Construir | House |
| 22:00 | Crear | Elephant Archer |
| 22:00 | Crear | Elephant Archer |
| 22:03 | Crear | Villager (Male) |
| 22:03 | Crear | Villager (Male) |
| 22:13 | Construir | House |
| 22:14 | Construir | House |
| 22:15 | Construir | House |
| 22:16 | Construir | House |
| 22:21 | Crear | Villager (Male) |
| 22:22 | Crear | Villager (Male) |
| 22:34 | Crear | Elephant Archer |
| 23:09 | Investigar | Atonement |
| 23:32 | Construir | Stable |
| 23:35 | Crear | Elephant Archer |
| 23:35 | Crear | Elephant Archer |
| 24:09 | Investigar | Fletching |
| 24:10 | Crear | Villager (Male) ×5 |
| 24:14 | Crear | Elephant Archer |
| 24:15 | Crear | Elephant Archer |
| 24:24 | Construir | House |
| 24:25 | Construir | House |
| 24:27 | Construir | House |
| 24:37 | Construir | Siege Workshop |
| 24:55 | Crear | Elephant Archer |
| 24:55 | Crear | Elephant Archer |
| 24:56 | Crear | Elephant Archer |
| 25:15 | Investigar | Redemption |
| 25:29 | Crear | Battle Elephant |
| 25:43 | Construir | Archery Range |
| 25:46 | Crear | Villager (Male) |
| 25:46 | Crear | Villager (Male) |
| 25:46 | Crear | Villager (Male) |
| 25:46 | Crear | Villager (Male) |
| 25:58 | Crear | Armored Elephant |
| 26:13 | Construir | Farm |
| 26:13 | Construir | Farm |
| 26:14 | Construir | Farm |
| 26:14 | Construir | Farm |
| 26:14 | Construir | Farm |
| 26:14 | Construir | Farm |
| 26:26 | Crear | Armored Elephant |
| 26:29 | Construir | House |
| 26:54 | Crear | Armored Elephant |
| 26:58 | Construir | Siege Workshop |
| 27:08 | Investigar | Padded Archer Armor |
| 27:25 | Crear | Armored Elephant |
| 27:33 | Crear | Villager (Male) |
| 27:33 | Crear | Villager (Male) |
| 28:19 | Crear | Armored Elephant |
| 28:19 | Crear | Armored Elephant |
| 28:22 | Crear | Elephant Archer |
| 28:25 | Construir | House |
| 28:26 | Construir | House |
Build order — a_berntsen
Primeras 150 de 316 acciones detectadas
| 0:24 | Construir | Town Center |
| 0:52 | Construir | Lumber Camp |
| 1:28 | Construir | House |
| 1:50 | Construir | Palisade Wall |
| 1:52 | Construir | Palisade Wall |
| 1:52 | Construir | Palisade Wall |
| 1:53 | Construir | Palisade Wall |
| 2:43 | Crear | Villager (Male) |
| 2:44 | Crear | Villager (Male) |
| 2:44 | Crear | Villager (Male) |
| 2:44 | Crear | Villager (Male) |
| 2:45 | Crear | Villager (Male) |
| 3:22 | Investigar | Loom |
| 3:45 | Crear | Villager (Male) |
| 3:46 | Crear | Villager (Male) |
| 3:55 | Crear | Villager (Male) |
| 4:19 | Construir | House |
| 4:57 | Crear | Villager (Male) |
| 5:27 | Crear | Villager (Male) |
| 5:27 | Crear | Villager (Male) |
| 5:34 | Construir | House |
| 5:36 | Construir | House |
| 6:14 | Crear | Villager (Male) |
| 6:35 | Crear | Villager (Male) |
| 6:48 | Crear | Villager (Male) |
| 7:28 | Crear | Villager (Male) |
| 7:29 | Crear | Villager (Male) |
| 7:29 | Crear | Villager (Male) |
| 7:46 | Crear | Villager (Male) |
| 7:46 | Crear | Villager (Male) |
| 8:08 | Crear | Villager (Male) |
| 8:14 | Crear | Villager (Male) |
| 9:01 | Crear | Villager (Male) |
| 9:46 | Construir | Mill |
| 10:28 | Crear | Villager (Male) |
| 10:46 | Construir | House |
| 11:19 | Construir | Lumber Camp |
| 11:36 | Crear | Villager (Male) |
| 11:46 | Investigar | Feudal Age |
| 11:59 | Construir | Mining Camp |
| 12:42 | Crear | Villager (Male) |
| 14:11 | Edad | Edad Feudal |
| 14:15 | Construir | Market |
| 14:18 | Construir | Blacksmith |
| 14:28 | Crear | Villager (Male) |
| 14:33 | Construir | House |
| 14:34 | Construir | House |
| 14:36 | Construir | House |
| 15:04 | Investigar | Castle Age |
| 15:04 | Investigar | Castle Age |
| 15:58 | Investigar | Double-Bit Axe |
| 17:11 | Crear | Villager (Male) |
| 17:11 | Crear | Villager (Male) |
| 17:21 | Investigar | Wheelbarrow |
| 17:44 | Edad | Edad de los Castillos |
| 17:48 | Construir | Town Center |
| 17:53 | Construir | Town Center |
| 18:02 | Construir | Monastery |
| 18:25 | Investigar | Bow Saw |
| 18:26 | Crear | Villager (Male) |
| 18:30 | Construir | Farm |
| 18:52 | Crear | Monk |
| 18:55 | Crear | Villager (Male) |
| 18:57 | Construir | Farm |
| 19:07 | Crear | Villager (Male) |
| 19:07 | Crear | Villager (Male) |
| 19:13 | Crear | Villager (Male) |
| 19:19 | Construir | Farm |
| 19:21 | Crear | Monk |
| 19:27 | Construir | Farm |
| 19:33 | Construir | Farm |
| 19:37 | Construir | Farm |
| 19:44 | Construir | Farm |
| 20:02 | Crear | Villager (Male) |
| 20:05 | Construir | Farm |
| 20:07 | Construir | Farm |
| 20:08 | Construir | Farm |
| 20:10 | Construir | Farm |
| 20:19 | Construir | Farm |
| 20:24 | Construir | Farm |
| 20:32 | Crear | Villager (Male) |
| 20:32 | Crear | Villager (Male) |
| 20:36 | Construir | Farm |
| 20:38 | Construir | Farm |
| 20:40 | Crear | Villager (Male) |
| 20:40 | Crear | Villager (Male) |
| 21:02 | Crear | Villager (Male) |
| 21:02 | Crear | Villager (Male) |
| 21:04 | Construir | Farm |
| 21:06 | Construir | Farm |
| 21:10 | Construir | Farm |
| 21:10 | Crear | Villager (Male) |
| 21:15 | Construir | Farm |
| 21:20 | Crear | Villager (Male) |
| 21:20 | Crear | Villager (Male) |
| 21:23 | Construir | Farm |
| 21:30 | Crear | Monk |
| 21:33 | Construir | Farm |
| 21:33 | Crear | Villager (Male) |
| 21:39 | Construir | Farm |
| 21:41 | Crear | Villager (Male) |
| 21:41 | Crear | Villager (Male) |
| 22:04 | Crear | Villager (Male) |
| 22:04 | Crear | Villager (Male) |
| 22:05 | Crear | Villager (Male) |
| 22:05 | Crear | Villager (Male) |
| 22:06 | Construir | Farm |
| 22:09 | Construir | Farm |
| 22:13 | Crear | Villager (Male) |
| 22:17 | Crear | Villager (Male) |
| 22:17 | Crear | Villager (Male) |
| 22:26 | Construir | Farm |
| 22:26 | Crear | Villager (Male) |
| 22:27 | Crear | Villager (Male) |
| 22:42 | Crear | Villager (Male) |
| 22:43 | Crear | Villager (Male) |
| 22:57 | Crear | Villager (Male) |
| 23:05 | Construir | Barracks |
| 23:08 | Crear | Villager (Male) |
| 23:21 | Crear | Villager (Male) |
| 23:25 | Construir | House |
| 23:32 | Construir | House |
| 23:33 | Construir | House |
| 23:35 | Construir | House |
| 23:35 | Construir | House |
| 23:36 | Construir | House |
| 23:37 | Construir | House |
| 23:40 | Crear | Villager (Male) |
| 23:44 | Construir | Stable |
| 23:47 | Investigar | Scale Barding Armor |
| 23:48 | Investigar | Forging |
| 23:54 | Crear | Villager (Male) |
| 23:59 | Construir | House |
| 24:00 | Construir | House |
| 24:01 | Construir | House |
| 24:03 | Construir | House |
| 24:05 | Construir | House |
| 24:06 | Construir | House |
| 24:08 | Crear | Villager (Male) |
| 24:10 | Construir | House |
| 24:16 | Investigar | Gold Mining |
| 24:23 | Crear | Villager (Male) |
| 24:27 | Crear | Knight |
| 24:28 | Crear | Knight |
| 24:31 | Crear | Villager (Male) |
| 24:31 | Crear | Villager (Male) |
| 24:41 | Construir | Stable |
| 24:47 | Crear | Scout Cavalry |
| 24:47 | Crear | Scout Cavalry |
| 24:49 | Crear | Villager (Male) |
Build order — Matzeking
Primeras 150 de 299 acciones detectadas
| 0:57 | Construir | Town Center |
| 2:32 | Construir | House |
| 3:02 | Crear | Villager (Male) |
| 3:02 | Crear | Villager (Male) |
| 3:02 | Crear | Villager (Male) |
| 3:03 | Crear | Villager (Male) |
| 4:47 | Crear | Villager (Male) |
| 5:19 | Crear | Villager (Male) |
| 5:19 | Crear | Villager (Male) |
| 6:05 | Crear | Villager (Male) |
| 6:16 | Construir | House |
| 6:25 | Investigar | Loom |
| 6:28 | Crear | Villager (Male) |
| 6:28 | Crear | Villager (Male) |
| 6:52 | Construir | House |
| 7:20 | Construir | Mill |
| 7:31 | Construir | House |
| 7:36 | Crear | Villager (Male) |
| 8:07 | Crear | Villager (Male) |
| 8:07 | Crear | Villager (Male) |
| 8:20 | Crear | Villager (Male) |
| 8:31 | Crear | Villager (Male) |
| 9:20 | Construir | Lumber Camp |
| 9:40 | Crear | Villager (Male) |
| 10:09 | Crear | Villager (Male) |
| 10:40 | Construir | Mining Camp |
| 10:40 | Crear | Villager (Male) |
| 10:55 | Crear | Villager (Male) |
| 11:32 | Crear | Villager (Male) |
| 11:34 | Investigar | Feudal Age |
| 11:58 | Construir | House |
| 12:00 | Construir | House |
| 12:29 | Construir | Outpost |
| 13:07 | Crear | Villager (Male) |
| 13:20 | Construir | House |
| 13:39 | Construir | Palisade Wall |
| 14:07 | Edad | Edad Feudal |
| 14:09 | Crear | Villager (Male) |
| 14:19 | Crear | Villager (Male) |
| 14:23 | Construir | Market |
| 14:29 | Construir | Blacksmith |
| 14:54 | Construir | Palisade Gate |
| 15:04 | Crear | Villager (Male) |
| 15:38 | Investigar | Castle Age |
| 15:38 | Investigar | Castle Age |
| 17:15 | Construir | Outpost |
| 17:18 | Construir | Outpost |
| 17:32 | Investigar | Double-Bit Axe |
| 17:36 | Investigar | Horse Collar |
| 17:43 | Construir | Outpost |
| 18:00 | Crear | Villager (Male) |
| 18:06 | Construir | Outpost |
| 18:13 | Construir | Outpost |
| 18:18 | Edad | Edad de los Castillos |
| 18:18 | Crear | Villager (Male) |
| 18:29 | Construir | Town Center |
| 18:47 | Construir | Castle |
| 18:55 | Construir | Palisade Wall |
| 19:01 | Construir | Castle |
| 19:13 | Crear | Villager (Male) |
| 19:40 | Crear | Villager (Male) |
| 19:48 | Construir | Farm |
| 19:48 | Construir | Farm |
| 19:48 | Construir | Farm |
| 19:48 | Construir | Farm |
| 19:54 | Crear | Villager (Male) |
| 20:00 | Crear | Villager (Male) |
| 20:19 | Crear | Villager (Male) |
| 20:23 | Construir | Mining Camp |
| 20:28 | Crear | Mangudai |
| 20:28 | Crear | Mangudai |
| 20:35 | Construir | Farm |
| 20:35 | Construir | Farm |
| 20:36 | Construir | Farm |
| 20:36 | Construir | Farm |
| 20:36 | Construir | Farm |
| 20:41 | Crear | Villager (Male) |
| 20:53 | Construir | Farm |
| 20:55 | Construir | Farm |
| 20:57 | Crear | Villager (Male) |
| 20:58 | Crear | Villager (Male) |
| 21:09 | Crear | Villager (Male) |
| 21:09 | Crear | Villager (Male) |
| 21:13 | Construir | Farm |
| 21:22 | Crear | Mangudai |
| 21:30 | Construir | Farm |
| 21:38 | Construir | Farm |
| 21:39 | Crear | Villager (Male) |
| 21:39 | Crear | Villager (Male) |
| 21:56 | Construir | Farm |
| 22:08 | Investigar | Bow Saw |
| 22:08 | Investigar | Bow Saw |
| 22:09 | Crear | Villager (Male) |
| 22:16 | Crear | Mangudai |
| 22:18 | Crear | Villager (Male) |
| 22:31 | Construir | Farm |
| 22:35 | Construir | Farm |
| 22:35 | Crear | Villager (Male) |
| 22:39 | Crear | Villager (Male) |
| 22:50 | Construir | Farm |
| 22:55 | Construir | Farm |
| 22:55 | Crear | Villager (Male) |
| 23:03 | Crear | Mangudai |
| 23:04 | Crear | Villager (Male) |
| 23:14 | Construir | Farm |
| 23:20 | Crear | Villager (Male) |
| 23:23 | Construir | Farm |
| 23:28 | Construir | Farm |
| 23:32 | Crear | Villager (Male) |
| 23:35 | Crear | Villager (Male) |
| 23:41 | Crear | Mangudai |
| 23:50 | Crear | Villager (Male) |
| 23:59 | Construir | Farm |
| 24:01 | Construir | Farm |
| 24:02 | Crear | Villager (Male) |
| 24:11 | Crear | Villager (Male) |
| 24:26 | Investigar | Fletching |
| 24:34 | Crear | Villager (Male) |
| 24:49 | Construir | Farm |
| 24:50 | Construir | Farm |
| 24:50 | Construir | Farm |
| 24:53 | Construir | Farm |
| 25:07 | Crear | Villager (Male) |
| 25:14 | Crear | Villager (Male) |
| 25:15 | Crear | Mangudai |
| 25:15 | Crear | Mangudai |
| 25:28 | Crear | Villager (Male) |
| 25:41 | Crear | Villager (Male) |
| 25:43 | Crear | Mangudai |
| 25:53 | Investigar | Bodkin Arrow |
| 26:21 | Crear | Villager (Male) |
| 26:21 | Crear | Villager (Male) |
| 26:21 | Crear | Villager (Male) |
| 26:23 | Investigar | Wheelbarrow |
| 26:52 | Crear | Mangudai |
| 26:53 | Crear | Villager (Male) |
| 26:59 | Construir | House |
| 26:59 | Construir | House |
| 26:59 | Construir | House |
| 27:00 | Construir | House |
| 27:00 | Construir | House |
| 27:03 | Crear | Mangudai |
| 27:13 | Crear | Villager (Male) |
| 27:22 | Crear | Villager (Male) |
| 27:29 | Construir | Town Center |
| 27:31 | Crear | Mangudai |
| 27:39 | Construir | Farm |
| 27:39 | Construir | Farm |
| 27:40 | Construir | Farm |
| 27:40 | Construir | Farm |
Build order — B.
Primeras 150 de 164 acciones detectadas
| 0:17 | Construir | Town Center |
| 2:25 | Construir | House |
| 2:38 | Crear | Villager (Male) |
| 2:38 | Crear | Villager (Male) |
| 2:38 | Crear | Villager (Male) |
| 2:38 | Crear | Villager (Male) |
| 3:58 | Crear | Villager (Male) |
| 4:06 | Construir | House |
| 4:45 | Crear | Villager (Male) |
| 5:03 | Crear | Villager (Male) |
| 5:21 | Crear | Villager (Male) |
| 5:52 | Construir | Lumber Camp |
| 5:56 | Crear | Villager (Male) |
| 5:56 | Crear | Villager (Male) |
| 6:17 | Construir | House |
| 6:26 | Crear | Villager (Male) |
| 6:26 | Crear | Villager (Male) |
| 6:42 | Crear | Villager (Male) |
| 8:04 | Crear | Villager (Male) |
| 8:14 | Crear | Villager (Male) |
| 8:26 | Construir | Mill |
| 8:58 | Crear | Villager (Male) |
| 9:18 | Investigar | Feudal Age |
| 9:49 | Crear | Villager (Male) |
| 9:56 | Construir | House |
| 10:27 | Crear | Villager (Male) |
| 10:42 | Construir | Barracks |
| 11:33 | Edad | Edad Feudal |
| 11:34 | Construir | Stable |
| 11:40 | Investigar | Double-Bit Axe |
| 12:02 | Crear | Villager (Male) |
| 12:06 | Construir | House |
| 12:08 | Construir | House |
| 12:16 | Crear | Scout Cavalry |
| 12:16 | Crear | Scout Cavalry |
| 12:36 | Crear | Villager (Male) |
| 12:49 | Crear | Scout Cavalry |
| 13:07 | Crear | Villager (Male) |
| 13:07 | Crear | Scout Cavalry |
| 13:10 | Construir | Market |
| 13:16 | Construir | House |
| 13:18 | Construir | House |
| 13:35 | Crear | Villager (Male) |
| 13:36 | Crear | Scout Cavalry |
| 13:52 | Crear | Villager (Male) |
| 13:57 | Construir | Blacksmith |
| 14:15 | Crear | Villager (Male) |
| 14:30 | Crear | Scout Cavalry |
| 14:34 | Crear | Villager (Male) |
| 14:49 | Construir | House |
| 15:02 | Construir | Farm |
| 15:03 | Construir | Farm |
| 15:04 | Construir | Farm |
| 15:07 | Construir | House |
| 15:08 | Construir | Palisade Wall |
| 15:14 | Crear | Villager (Male) |
| 15:14 | Crear | Scout Cavalry |
| 15:17 | Investigar | Loom |
| 15:26 | Construir | House |
| 15:41 | Crear | Villager (Male) |
| 15:44 | Construir | House |
| 15:45 | Construir | Palisade Wall |
| 15:56 | Construir | Palisade Wall |
| 16:03 | Construir | Farm |
| 16:04 | Construir | Farm |
| 16:29 | Crear | Villager (Male) |
| 16:30 | Crear | Scout Cavalry |
| 16:37 | Construir | House |
| 16:46 | Crear | Villager (Male) |
| 17:28 | Construir | Palisade Wall |
| 17:37 | Crear | Villager (Male) |
| 17:40 | Construir | Mining Camp |
| 17:55 | Crear | Villager (Male) |
| 17:57 | Construir | Farm |
| 17:58 | Construir | Farm |
| 17:58 | Construir | Farm |
| 18:05 | Construir | Farm |
| 18:10 | Construir | Palisade Wall |
| 18:18 | Construir | Palisade Wall |
| 18:35 | Crear | Villager (Male) |
| 18:36 | Crear | Spearman |
| 18:41 | Construir | House |
| 18:48 | Construir | House |
| 18:49 | Construir | Palisade Wall |
| 18:55 | Construir | Palisade Wall |
| 19:00 | Crear | Villager (Male) |
| 19:14 | Construir | Palisade Wall |
| 19:16 | Construir | Palisade Wall |
| 20:06 | Investigar | Castle Age |
| 20:12 | Construir | Palisade Wall |
| 20:13 | Construir | Palisade Wall |
| 20:30 | Construir | Palisade Wall |
| 20:32 | Crear | Villager (Male) |
| 20:57 | Construir | Farm |
| 20:58 | Construir | Farm |
| 20:58 | Construir | Farm |
| 20:58 | Construir | Farm |
| 20:58 | Construir | Farm |
| 20:58 | Construir | Farm |
| 20:59 | Construir | Farm |
| 21:10 | Construir | House |
| 21:16 | Construir | Palisade Wall |
| 21:18 | Construir | House |
| 21:24 | Construir | Mining Camp |
| 21:29 | Construir | Palisade Wall |
| 21:57 | Construir | Archery Range |
| 21:59 | Construir | Archery Range |
| 22:02 | Investigar | Bloodlines |
| 22:26 | Investigar | Fletching |
| 22:39 | Construir | House |
| 22:41 | Construir | House |
| 22:46 | Crear | Villager (Male) |
| 22:46 | Edad | Edad de los Castillos |
| 22:56 | Construir | Palisade Wall |
| 22:58 | Crear | Cavalry Archer |
| 23:05 | Investigar | Bodkin Arrow |
| 23:06 | Crear | Cavalry Archer |
| 23:47 | Construir | Siege Workshop |
| 23:51 | Crear | Villager (Male) |
| 23:54 | Crear | Cavalry Archer |
| 24:16 | Construir | House |
| 24:18 | Construir | House |
| 24:40 | Crear | Villager (Male) |
| 24:52 | Crear | Mangonel |
| 24:57 | Crear | Cavalry Archer |
| 24:57 | Crear | Cavalry Archer |
| 24:58 | Crear | Villager (Male) |
| 25:40 | Crear | Villager (Male) |
| 25:44 | Crear | Cavalry Archer ×2 |
| 26:13 | Construir | Lumber Camp |
| 26:17 | Crear | Villager (Male) |
| 26:22 | Construir | House |
| 28:11 | Construir | Town Center |
| 28:18 | Construir | Palisade Wall |
| 28:22 | Construir | Palisade Wall |
| 28:25 | Construir | Palisade Wall |
| 28:26 | Construir | Palisade Wall |
| 28:28 | Construir | Palisade Wall |
| 28:31 | Construir | Palisade Wall |
| 28:32 | Construir | Palisade Wall |
| 28:39 | Construir | Palisade Wall |
| 28:40 | Construir | Palisade Wall |
| 28:53 | Construir | Lumber Camp |
| 30:47 | Construir | Mill |
| 30:58 | Construir | Mining Camp |
| 31:32 | Construir | Lumber Camp |
| 31:45 | Construir | Town Center |
| 32:47 | Crear | Villager (Male) |
| 32:47 | Crear | Villager (Male) |
| 33:17 | Construir | Town Center |
Build order — DYN | FU
Primeras 150 de 485 acciones detectadas
| 0:23 | Construir | Town Center |
| 2:31 | Crear | Villager (Male) |
| 2:31 | Crear | Villager (Male) |
| 2:31 | Crear | Villager (Male) |
| 2:31 | Crear | Villager (Male) |
| 3:13 | Construir | House |
| 3:15 | Investigar | Loom |
| 3:16 | Investigar | Loom |
| 3:20 | Crear | Villager (Male) |
| 3:21 | Crear | Villager (Male) |
| 3:22 | Crear | Villager (Male) |
| 4:20 | Crear | Villager (Male) |
| 4:20 | Crear | Villager (Male) |
| 4:45 | Construir | House |
| 4:48 | Crear | Villager (Male) |
| 5:15 | Crear | Villager (Male) |
| 5:36 | Crear | Villager (Male) |
| 5:36 | Crear | Villager (Male) |
| 5:47 | Construir | Palisade Wall |
| 5:48 | Construir | Palisade Wall |
| 5:55 | Construir | Palisade Wall |
| 5:56 | Construir | Palisade Wall |
| 6:08 | Crear | Villager (Male) |
| 6:08 | Crear | Villager (Male) |
| 6:09 | Crear | Villager (Male) |
| 6:28 | Construir | House |
| 6:44 | Crear | Villager (Male) |
| 7:05 | Crear | Villager (Male) |
| 7:05 | Crear | Villager (Male) |
| 7:18 | Crear | Villager (Male) |
| 7:43 | Construir | Mill |
| 8:32 | Crear | Villager (Male) |
| 8:32 | Crear | Villager (Male) |
| 8:32 | Crear | Villager (Male) |
| 8:47 | Crear | Villager (Male) |
| 9:01 | Construir | House |
| 9:14 | Crear | Villager (Male) |
| 9:31 | Construir | Mill |
| 9:58 | Construir | Mill |
| 10:00 | Crear | Villager (Male) |
| 10:31 | Crear | Villager (Male) |
| 11:08 | Construir | House |
| 11:20 | Crear | Villager (Male) |
| 11:24 | Construir | Lumber Camp |
| 11:56 | Construir | House |
| 12:07 | Investigar | Feudal Age |
| 12:14 | Construir | Mining Camp |
| 13:04 | Crear | Villager (Male) |
| 13:04 | Crear | Villager (Male) |
| 13:25 | Edad | Edad Feudal |
| 13:39 | Crear | Villager (Male) |
| 13:42 | Construir | Blacksmith |
| 13:54 | Construir | Palisade Wall |
| 13:59 | Construir | Palisade Wall |
| 14:00 | Crear | Villager (Male) |
| 14:19 | Construir | House |
| 14:22 | Crear | Villager (Male) |
| 14:40 | Investigar | Horse Collar |
| 14:41 | Investigar | Double-Bit Axe |
| 15:11 | Construir | Barracks |
| 15:15 | Crear | Villager (Male) |
| 15:21 | Crear | Villager (Male) |
| 15:35 | Construir | Farm |
| 15:37 | Construir | Farm |
| 15:53 | Construir | Farm |
| 15:55 | Construir | Farm |
| 16:02 | Crear | Spearman |
| 16:02 | Crear | Spearman |
| 16:04 | Construir | House |
| 16:05 | Crear | Villager (Male) |
| 16:12 | Construir | Farm |
| 16:35 | Construir | Market |
| 16:36 | Crear | Villager (Male) |
| 16:39 | Crear | Villager (Male) |
| 16:48 | Construir | Farm |
| 16:54 | Crear | Spearman |
| 16:59 | Construir | Farm |
| 17:00 | Construir | Farm |
| 17:05 | Construir | Farm |
| 17:15 | Crear | Villager (Male) |
| 17:17 | Construir | Farm |
| 17:37 | Construir | House |
| 17:38 | Crear | Villager (Male) |
| 17:44 | Construir | House |
| 17:51 | Crear | Spearman |
| 18:00 | Construir | Farm |
| 18:01 | Crear | Villager (Male) |
| 18:04 | Construir | House |
| 18:29 | Construir | Farm |
| 18:47 | Construir | Farm |
| 18:48 | Crear | Villager (Male) |
| 19:34 | Investigar | Castle Age |
| 19:42 | Construir | Lumber Camp |
| 19:46 | Crear | Spearman |
| 19:47 | Crear | Spearman |
| 19:47 | Crear | Spearman |
| 20:10 | Construir | Barracks |
| 20:13 | Crear | Spearman |
| 20:14 | Crear | Spearman |
| 20:19 | Crear | Villager (Male) |
| 20:38 | Construir | House |
| 20:41 | Construir | House |
| 20:44 | Construir | Farm |
| 21:10 | Edad | Edad de los Castillos |
| 21:15 | Construir | Town Center |
| 21:18 | Investigar | Pikeman (upgrade) |
| 21:18 | Investigar | Pikeman (upgrade) |
| 21:26 | Construir | Siege Workshop |
| 21:31 | Crear | Spearman |
| 21:31 | Crear | Spearman |
| 21:32 | Crear | Villager (Male) |
| 21:32 | Crear | Villager (Male) |
| 21:39 | Crear | Villager (Male) |
| 21:47 | Construir | Farm |
| 21:49 | Crear | Spearman |
| 22:04 | Construir | Farm |
| 22:04 | Crear | Villager (Male) |
| 22:11 | Crear | Villager (Male) |
| 22:22 | Crear | Spearman |
| 22:32 | Crear | Battering Ram |
| 22:38 | Construir | House |
| 22:38 | Construir | House |
| 22:45 | Investigar | Forging |
| 22:51 | Crear | Spearman |
| 23:02 | Crear | Villager (Male) |
| 23:15 | Crear | Spearman |
| 23:21 | Crear | Battering Ram |
| 23:23 | Crear | Villager (Male) |
| 23:48 | Crear | Villager (Male) |
| 23:50 | Crear | Villager (Male) |
| 23:55 | Crear | Villager (Male) |
| 23:58 | Construir | Farm |
| 23:59 | Construir | Farm |
| 23:59 | Construir | Farm |
| 23:59 | Construir | Farm |
| 24:01 | Construir | Farm |
| 24:02 | Construir | Farm |
| 24:16 | Crear | Scorpion |
| 24:16 | Crear | Scorpion |
| 24:25 | Crear | Villager (Male) |
| 24:25 | Crear | Villager (Male) |
| 24:26 | Crear | Villager (Male) |
| 24:35 | Construir | Farm |
| 24:36 | Construir | Farm |
| 24:42 | Crear | Spearman |
| 24:42 | Crear | Spearman |
| 24:53 | Crear | Villager (Male) |
| 24:56 | Crear | Battering Ram |
| 24:56 | Crear | Battering Ram |
| 25:07 | Crear | Villager (Male) |
Build order — TocToc.Lianki
Primeras 150 de 167 acciones detectadas
| 0:55 | Construir | Town Center |
| 2:53 | Construir | House |
| 3:29 | Construir | House |
| 3:30 | Investigar | Loom |
| 3:40 | Crear | Villager (Male) |
| 3:41 | Crear | Villager (Male) |
| 3:41 | Crear | Villager (Male) |
| 3:41 | Crear | Villager (Male) |
| 3:42 | Crear | Villager (Male) |
| 5:51 | Crear | Villager (Male) |
| 5:51 | Crear | Villager (Male) |
| 6:05 | Crear | Villager (Male) |
| 6:36 | Crear | Villager (Male) |
| 7:27 | Crear | Villager (Male) |
| 7:35 | Construir | House |
| 7:48 | Crear | Villager (Male) |
| 7:54 | Crear | Villager (Male) |
| 7:55 | Crear | Villager (Male) |
| 8:41 | Crear | Villager (Male) |
| 9:03 | Construir | House |
| 9:05 | Construir | Mill |
| 9:08 | Crear | Villager (Male) |
| 9:16 | Crear | Villager (Male) |
| 9:16 | Crear | Villager (Male) |
| 9:30 | Construir | Palisade Wall |
| 10:02 | Crear | Villager (Male) |
| 10:02 | Crear | Villager (Male) |
| 10:07 | Crear | Villager (Male) |
| 10:23 | Crear | Villager (Male) |
| 11:00 | Construir | House |
| 11:07 | Crear | Villager (Male) |
| 11:09 | Construir | Farm |
| 11:16 | Construir | Farm |
| 11:32 | Crear | Villager (Male) |
| 11:44 | Construir | Farm |
| 11:56 | Construir | Mining Camp |
| 12:02 | Construir | Farm |
| 12:06 | Construir | Farm |
| 12:35 | Investigar | Feudal Age |
| 12:51 | Construir | Farm |
| 13:49 | Construir | Barracks |
| 14:34 | Crear | Villager (Male) |
| 14:35 | Crear | Villager (Male) |
| 14:42 | Edad | Edad Feudal |
| 14:49 | Construir | Market |
| 14:51 | Construir | Stable |
| 15:28 | Construir | Lumber Camp |
| 15:44 | Investigar | Castle Age |
| 15:49 | Crear | Spearman |
| 16:35 | Investigar | Horse Collar |
| 16:43 | Investigar | Double-Bit Axe |
| 16:43 | Investigar | Double-Bit Axe |
| 17:02 | Investigar | Bloodlines |
| 17:16 | Construir | House |
| 17:17 | Construir | House |
| 17:27 | Construir | Farm |
| 17:38 | Construir | Farm |
| 17:55 | Crear | Villager (Male) |
| 18:09 | Edad | Edad de los Castillos |
| 18:15 | Crear | Knight |
| 18:15 | Crear | Knight |
| 18:18 | Crear | Villager (Male) |
| 18:31 | Construir | Outpost |
| 18:39 | Construir | Farm |
| 18:41 | Crear | Villager (Male) |
| 19:04 | Construir | Outpost |
| 19:19 | Construir | Blacksmith |
| 19:28 | Crear | Villager (Male) |
| 19:28 | Crear | Villager (Male) |
| 19:46 | Crear | Villager (Male) |
| 19:51 | Construir | Monastery |
| 19:53 | Crear | Villager (Male) |
| 20:07 | Crear | Villager (Male) |
| 20:35 | Construir | Town Center |
| 20:36 | Crear | Monk |
| 20:42 | Construir | House |
| 20:46 | Crear | Villager (Male) |
| 20:50 | Construir | Blacksmith |
| 21:09 | Crear | Villager (Male) |
| 21:09 | Crear | Villager (Male) |
| 21:12 | Construir | Palisade Wall |
| 21:15 | Construir | Farm |
| 21:20 | Construir | Farm |
| 21:21 | Crear | Villager (Male) |
| 21:56 | Crear | Villager (Male) |
| 22:01 | Crear | Villager (Male) |
| 22:15 | Crear | Villager (Male) |
| 22:15 | Crear | Villager (Male) |
| 22:18 | Crear | Villager (Male) |
| 22:32 | Crear | Villager (Male) |
| 22:37 | Construir | Siege Workshop |
| 22:39 | Crear | Villager (Male) |
| 22:43 | Construir | Farm |
| 22:45 | Construir | Farm |
| 22:48 | Construir | Farm |
| 22:52 | Construir | Farm |
| 23:02 | Investigar | Wheelbarrow |
| 23:07 | Crear | Scorpion |
| 23:09 | Crear | Villager (Male) |
| 23:15 | Construir | House |
| 23:16 | Construir | House |
| 23:17 | Construir | House |
| 23:20 | Crear | Villager (Male) |
| 23:24 | Construir | House |
| 23:51 | Crear | Villager (Male) |
| 24:03 | Crear | Scorpion |
| 24:03 | Crear | Scorpion |
| 24:04 | Crear | Villager (Male) |
| 24:04 | Crear | Villager (Male) |
| 24:11 | Construir | Farm |
| 24:12 | Construir | Farm |
| 24:16 | Crear | Villager (Male) |
| 24:25 | Crear | Scorpion |
| 24:30 | Crear | Villager (Male) |
| 25:04 | Crear | Scorpion |
| 25:04 | Crear | Villager (Male) |
| 25:07 | Crear | Villager (Male) |
| 25:16 | Crear | Villager (Male) |
| 25:20 | Crear | Villager (Male) |
| 25:29 | Construir | Town Center |
| 25:44 | Construir | Palisade Gate |
| 25:50 | Crear | Villager (Male) |
| 26:09 | Crear | Villager (Male) |
| 26:24 | Crear | Villager (Male) |
| 26:27 | Construir | Lumber Camp |
| 26:32 | Crear | Villager (Male) |
| 26:39 | Crear | Scorpion |
| 26:40 | Crear | Villager (Male) |
| 26:45 | Crear | Villager (Male) |
| 26:51 | Crear | Villager (Male) |
| 26:58 | Crear | Villager (Male) |
| 27:27 | Crear | Villager (Male) |
| 27:29 | Crear | Villager (Male) |
| 27:30 | Crear | Villager (Male) |
| 27:32 | Crear | Scorpion |
| 27:32 | Crear | Scorpion |
| 27:33 | Crear | Villager (Male) |
| 27:36 | Crear | Spearman |
| 27:36 | Crear | Spearman |
| 27:39 | Crear | Villager (Male) |
| 27:58 | Crear | Villager (Male) |
| 27:59 | Crear | Villager (Male) |
| 28:14 | Crear | Villager (Male) |
| 28:27 | Construir | House |
| 28:27 | Construir | House |
| 28:28 | Construir | House |
| 28:28 | Construir | House |
| 28:28 | Construir | House |
| 29:19 | Crear | Monk |
| 29:20 | Crear | Monk |
Build order — SHell | Denchik_Ne_Lohx
Primeras 150 de 478 acciones detectadas
| 0:14 | Construir | Town Center |
| 2:05 | Construir | House |
| 2:41 | Crear | Villager (Male) |
| 2:42 | Crear | Villager (Male) |
| 2:42 | Crear | Villager (Male) |
| 2:42 | Crear | Villager (Male) |
| 4:08 | Crear | Villager (Male) |
| 4:24 | Construir | House |
| 4:27 | Crear | Villager (Male) |
| 4:30 | Construir | House |
| 4:51 | Crear | Villager (Male) |
| 4:53 | Construir | House |
| 5:27 | Crear | Villager (Male) |
| 5:27 | Crear | Villager (Male) |
| 5:46 | Crear | Villager (Male) |
| 6:12 | Crear | Villager (Male) |
| 6:33 | Construir | House |
| 6:33 | Crear | Villager (Male) |
| 6:44 | Crear | Villager (Male) |
| 6:48 | Construir | House |
| 6:57 | Crear | Villager (Male) |
| 7:07 | Crear | Villager (Male) |
| 7:43 | Crear | Villager (Male) |
| 8:09 | Construir | Mill |
| 8:33 | Crear | Villager (Male) |
| 8:50 | Construir | House |
| 9:09 | Crear | Villager (Male) |
| 9:15 | Construir | House |
| 9:21 | Construir | House |
| 9:31 | Crear | Villager (Male) |
| 9:39 | Investigar | Loom |
| 9:50 | Investigar | Feudal Age |
| 10:39 | Construir | Lumber Camp |
| 10:41 | Crear | Villager (Male) |
| 11:26 | Construir | House |
| 12:22 | Edad | Edad Feudal |
| 12:24 | Construir | Stable |
| 12:33 | Investigar | Double-Bit Axe |
| 12:34 | Crear | Villager (Male) |
| 12:38 | Construir | House |
| 12:53 | Crear | Villager (Male) |
| 12:58 | Construir | House |
| 13:07 | Construir | House |
| 13:15 | Crear | Scout Cavalry |
| 13:16 | Crear | Scout Cavalry |
| 13:16 | Crear | Villager (Male) |
| 13:46 | Crear | Scout Cavalry |
| 13:51 | Construir | House |
| 13:55 | Construir | Palisade Wall |
| 13:58 | Crear | Scout Cavalry |
| 13:59 | Crear | Villager (Male) |
| 14:05 | Investigar | Horse Collar |
| 14:08 | Construir | Farm |
| 14:14 | Construir | Farm |
| 14:17 | Construir | Farm |
| 14:23 | Crear | Scout Cavalry |
| 14:24 | Crear | Villager (Male) |
| 14:26 | Construir | Farm |
| 14:27 | Construir | Farm |
| 14:33 | Crear | Villager (Male) |
| 14:41 | Construir | House |
| 14:43 | Construir | Palisade Wall |
| 14:59 | Construir | Farm |
| 15:01 | Crear | Villager (Male) |
| 15:33 | Crear | Scout Cavalry |
| 15:38 | Crear | Villager (Male) |
| 15:44 | Construir | Blacksmith |
| 15:56 | Crear | Scout Cavalry |
| 15:59 | Crear | Villager (Male) |
| 16:26 | Crear | Scout Cavalry |
| 16:31 | Crear | Villager (Male) |
| 16:33 | Construir | Farm |
| 16:35 | Construir | Farm |
| 16:47 | Construir | Palisade Gate |
| 16:49 | Construir | Palisade Wall |
| 16:55 | Investigar | Forging |
| 17:00 | Crear | Scout Cavalry |
| 17:04 | Construir | Gate |
| 17:10 | Construir | Gate |
| 17:11 | Crear | Villager (Male) |
| 17:13 | Construir | House |
| 17:17 | Construir | Stone Wall |
| 17:19 | Crear | Scout Cavalry |
| 17:32 | Construir | Mill |
| 17:37 | Crear | Scout Cavalry |
| 17:48 | Construir | Farm |
| 17:49 | Construir | Farm |
| 17:50 | Construir | Farm |
| 17:51 | Construir | Farm |
| 17:54 | Construir | House |
| 17:55 | Construir | Palisade Wall |
| 18:06 | Crear | Villager (Male) |
| 18:17 | Crear | Villager (Male) |
| 18:32 | Construir | House |
| 18:33 | Construir | Palisade Wall |
| 18:34 | Construir | Palisade Wall |
| 18:49 | Construir | Market |
| 18:53 | Crear | Villager (Male) |
| 18:58 | Construir | Mining Camp |
| 19:22 | Crear | Villager (Male) |
| 19:23 | Investigar | Wheelbarrow |
| 19:31 | Construir | Farm |
| 19:55 | Crear | Villager (Male) |
| 20:03 | Crear | Scout Cavalry |
| 20:15 | Construir | Palisade Gate |
| 20:17 | Construir | Palisade Wall |
| 20:22 | Construir | Farm |
| 20:37 | Construir | Farm |
| 20:38 | Construir | Farm |
| 20:39 | Construir | Farm |
| 20:47 | Construir | Mining Camp |
| 21:02 | Investigar | Gold Mining |
| 21:08 | Crear | Villager (Male) |
| 21:22 | Construir | Farm |
| 21:41 | Construir | Farm |
| 21:51 | Crear | Villager (Male) |
| 22:07 | Construir | Lumber Camp |
| 22:09 | Investigar | Castle Age |
| 22:09 | Investigar | Castle Age |
| 22:20 | Crear | Scout Cavalry |
| 22:34 | Investigar | Scale Barding Armor |
| 22:34 | Investigar | Scale Barding Armor |
| 22:44 | Crear | Scout Cavalry |
| 22:59 | Construir | Stable |
| 23:06 | Crear | Scout Cavalry |
| 23:22 | Investigar | Bloodlines |
| 23:23 | Investigar | Bloodlines |
| 23:44 | Crear | Scout Cavalry |
| 23:44 | Crear | Scout Cavalry |
| 24:05 | Crear | Scout Cavalry |
| 24:11 | Crear | Villager (Male) |
| 24:12 | Investigar | Town Watch |
| 24:17 | Construir | Stable |
| 24:24 | Crear | Scout Cavalry |
| 24:57 | Edad | Edad de los Castillos |
| 25:01 | Construir | Town Center |
| 25:04 | Construir | House |
| 25:07 | Investigar | Light Cavalry (upgrade) |
| 25:09 | Investigar | Chain Barding Armor |
| 25:09 | Investigar | Chain Barding Armor |
| 25:14 | Crear | Villager (Male) |
| 25:34 | Investigar | Husbandry |
| 25:42 | Crear | Villager (Male) |
| 25:52 | Crear | Villager (Male) |
| 26:00 | Crear | Knight |
| 26:00 | Crear | Knight |
| 26:12 | Crear | Knight |
| 26:12 | Crear | Knight |
| 26:14 | Crear | Villager (Male) |
| 26:14 | Crear | Villager (Male) |
Cronología de la partida
| 1:50 | a_berntsen · wall_segment Palisade Wall x1 |
| 1:52 | a_berntsen · wall_segment Palisade Wall x1 |
| 1:52 | a_berntsen · wall_segment Palisade Wall x1 |
| 1:53 | a_berntsen · wall_segment Palisade Wall x1 |
| 5:47 | DYN | FU · wall_segment Palisade Wall x1 |
| 5:48 | DYN | FU · wall_segment Palisade Wall x1 |
| 5:55 | DYN | FU · wall_segment Palisade Wall x1 |
| 5:56 | DYN | FU · wall_segment Palisade Wall x1 |
| 9:30 | TocToc.Lianki · wall_segment Palisade Wall x2 |
| 10:42 | B. · first_building Barracks |
| 11:33 | B. · age_up feudal |
| 11:34 | B. · first_building Stable |
| 12:22 | SHell | Denchik_Ne_Lohx · age_up feudal |
| 12:24 | SHell | Denchik_Ne_Lohx · first_building Stable |
| 13:16 | Wiwu · age_up feudal |
| 13:25 | DYN | FU · age_up feudal |
| 13:39 | Matzeking · wall_segment Palisade Wall x5 |
| 13:43 | tH_cept · age_up feudal |
| 13:49 | TocToc.Lianki · first_building Barracks |
| 13:54 | DYN | FU · wall_segment Palisade Wall x1 |
| 13:55 | SHell | Denchik_Ne_Lohx · wall_segment Palisade Wall x8 |
| 13:59 | DYN | FU · wall_segment Palisade Wall x1 |
| 14:07 | Matzeking · age_up feudal |
| 14:11 | a_berntsen · age_up feudal |
| 14:13 | Wiwu · first_market_sell 100 stone |
| 14:42 | TocToc.Lianki · age_up feudal |
| 14:43 | SHell | Denchik_Ne_Lohx · wall_segment Palisade Wall x9 |
| 14:51 | TocToc.Lianki · first_building Stable |
| 15:08 | B. · wall_segment Palisade Wall x1 |
| 15:08 | tH_cept · wall_segment Palisade Wall x8 |
| 15:11 | DYN | FU · first_building Barracks |
| 15:45 | B. · wall_segment Palisade Wall x1 |
| 15:56 | B. · wall_segment Palisade Wall x5 |
| 16:49 | SHell | Denchik_Ne_Lohx · wall_segment Palisade Wall x6 |
| 16:57 | Wiwu · age_up castle |
| 17:04 | Wiwu · first_building Monastery |
| 17:09 | B. · first_market_sell 500 wood |
| 17:17 | SHell | Denchik_Ne_Lohx · wall_segment Stone Wall x1 |
| 17:25 | tH_cept · first_building Barracks |
| 17:28 | B. · wall_segment Palisade Wall x5 |
| 17:40 | tH_cept · age_up castle |
| 17:44 | a_berntsen · age_up castle |
| 17:55 | SHell | Denchik_Ne_Lohx · wall_segment Palisade Wall x4 |
| 18:01 | tH_cept · first_building Monastery |
| 18:02 | a_berntsen · first_building Monastery |
| 18:09 | TocToc.Lianki · age_up castle |
| 18:10 | B. · wall_segment Palisade Wall x4 |
| 18:18 | B. · wall_segment Palisade Wall x4 |
| 18:18 | Matzeking · age_up castle |
| 18:33 | SHell | Denchik_Ne_Lohx · wall_segment Palisade Wall x1 |
| 18:34 | SHell | Denchik_Ne_Lohx · wall_segment Palisade Wall x9 |
| 18:47 | Matzeking · first_building Castle |
| 18:49 | B. · wall_segment Palisade Wall x1 |
| 18:50 | tH_cept · first_building Archery Range |
| 18:55 | Matzeking · wall_segment Palisade Wall x1 |
| 18:55 | B. · wall_segment Palisade Wall x1 |
| 19:14 | B. · wall_segment Palisade Wall x5 |
| 19:16 | B. · wall_segment Palisade Wall x1 |
| 19:23 | DYN | FU · first_market_sell 500 wood |
| 19:25 | DYN | FU · first_market_buy 100 food |
| 19:27 | B. · first_market_buy 100 food |
| 19:51 | TocToc.Lianki · first_building Monastery |
| 20:04 | Wiwu · first_building Barracks |
| 20:12 | B. · wall_segment Palisade Wall x4 |
| 20:13 | B. · wall_segment Palisade Wall x1 |
| 20:17 | SHell | Denchik_Ne_Lohx · wall_segment Palisade Wall x3 |
| 20:25 | TocToc.Lianki · first_market_buy 100 wood |
| 20:30 | B. · wall_segment Palisade Wall x3 |
| 21:00 | Wiwu · first_market_buy 100 food |
| 21:10 | DYN | FU · age_up castle |
| 21:12 | TocToc.Lianki · wall_segment Palisade Wall x1 |
| 21:16 | B. · wall_segment Palisade Wall x12 |
| 21:17 | Wiwu · first_building Stable |
| 21:26 | DYN | FU · first_building Siege Workshop |
| 21:29 | B. · wall_segment Palisade Wall x1 |
| 21:57 | B. · first_building Archery Range |
| 22:01 | Matzeking · first_market_buy 100 food |
| 22:37 | TocToc.Lianki · first_building Siege Workshop |
| 22:46 | B. · age_up castle |
| 22:56 | B. · wall_segment Palisade Wall x1 |
| 22:58 | tH_cept · first_market_sell 100 food |
| 23:05 | a_berntsen · first_building Barracks |
| 23:22 | Wiwu · first_building Siege Workshop |
| 23:32 | tH_cept · first_building Stable |
| 23:44 | a_berntsen · first_building Stable |
| 23:47 | B. · first_building Siege Workshop |
| 24:16 | Matzeking · first_market_sell 100 wood |
| 24:37 | tH_cept · first_building Siege Workshop |
| 24:57 | SHell | Denchik_Ne_Lohx · age_up castle |
| 27:21 | a_berntsen · first_building Siege Workshop |
| 28:18 | B. · wall_segment Palisade Wall x1 |
| 28:22 | B. · wall_segment Palisade Wall x1 |
| 28:25 | B. · wall_segment Palisade Wall x1 |
| 28:26 | B. · wall_segment Palisade Wall x1 |
| 28:28 | B. · wall_segment Palisade Wall x1 |
| 28:31 | B. · wall_segment Palisade Wall x1 |
| 28:32 | B. · wall_segment Palisade Wall x1 |
| 28:39 | B. · wall_segment Palisade Wall x1 |
| 28:40 | B. · wall_segment Palisade Wall x2 |
| 29:35 | Matzeking · first_building Barracks |
| 31:21 | Wiwu · first_building Archery Range |
| 31:52 | Matzeking · first_building Stable |
| 32:17 | tH_cept · first_market_buy 100 stone |
| 32:26 | Wiwu · age_up imperial |
| 33:16 | DYN | FU · first_building Monastery |
| 33:28 | SHell | Denchik_Ne_Lohx · first_building Monastery |
| 34:00 | a_berntsen · first_building Castle |
| 34:16 | TocToc.Lianki · resign |
| 34:18 | Wiwu · first_building Castle |
| 37:49 | Matzeking · age_up imperial |
| 37:50 | DYN | FU · age_up imperial |
| 38:11 | SHell | Denchik_Ne_Lohx · first_market_buy 100 stone |
| 38:18 | SHell | Denchik_Ne_Lohx · first_building Castle |
| 38:54 | SHell | Denchik_Ne_Lohx · age_up imperial |
| 39:49 | DYN | FU · first_building Castle |
| 40:02 | SHell | Denchik_Ne_Lohx · wall_segment Stone Wall x1 |
| 41:35 | SHell | Denchik_Ne_Lohx · wall_segment Palisade Wall x1 |
| 43:38 | SHell | Denchik_Ne_Lohx · wall_segment Stone Wall x1 |
[ ANÁLISIS IA · 1 CRÉDITO ]
¿Qué pasó realmente en esta partida?
Wolo.gg analiza cada decisión: build order, eco, micro, errores típicos por bracket. Análisis personalizado por WhatsApp o Discord en 30 segundos.
Guía civ
Gurjaras
Perfil
Wiwu